 Dungeon Crawl Stone Soup version 0.18.1-50-g88ac8fd (webtiles) character file.

108 varam the Grave Robber (level 4, 0/24 HPs)
             Began as a Deep Elf Necromancer on Oct 9, 2016.
             Succumbed to an orc wizard's poison
             ... on level 3 of the Dungeon.
             The game lasted 00:12:17 (2852 turns).

varam the Grave Robber (Deep Elf Necromancer)       Turns: 2852, Time: 00:12:18

Health: 0/24       AC:  4    Str:  5    XL:     4   Next: 58%
Magic:  10/12      EV: 13    Int: 21    God:
Gold:   96         SH:  0    Dex: 15    Spells: 5 memorised, 0 levels left

rFire  . . .     SeeInvis .     (no weapon)
rCold  . . .     Gourm    .     a - +0 robe
rNeg   . . .     Faith    .     (no shield)
rPois  .         Spirit   .     s - +0 helmet
rElec  .         Dismiss  .     (no cloak)
rCorr  .         Reflect  .     (no gloves)
SustAt .         Harm     .     j - +0 pair of boots
MR     .....                    (no amulet)
Stlth  ++........               (no ring)
                                (no ring)

@: lethally poisoned (0 -> -6), not resistant to hostile enchantments,
unstealthy
A: no striking features
a: no special abilities


You were on level 3 of the Dungeon.
You were not hungry.

You visited 1 branch of the dungeon, and saw 3 of its levels.

You collected 96 gold pieces.

Inventory:

Hand Weapons
 k - a cursed -3 dagger
Armour
 a - a +0 robe (worn)
 j - a +0 pair of boots (worn)
 s - a +0 helmet (worn)
Wands
 p - a wand of flame (10/48)
Scrolls
 c - 2 scrolls of random uselessness {unknown}
 d - a scroll of fear {unknown}
 e - 3 scrolls of identify {unknown}
 f - 2 scrolls of teleportation {unknown}
 l - a scroll of enchant weapon {unknown}
 m - a scroll of fog {unknown}
 n - 2 scrolls of remove curse {unknown}
Potions
 g - 2 potions of agility {unknown}
 i - a potion of might {unknown}
 o - a potion of ambrosia {unknown}
 q - a potion of heal wounds {unknown}
Books
 b - a book of Necromancy

   Spells                             Type                      Level
   a - Pain                           Necromancy                   1
   b - Animate Skeleton               Necromancy                   1
   c - Vampiric Draining              Necromancy                   3
   d - Regeneration                   Charms/Necromancy            3
   e - Animate Dead                   Necromancy                   4
   f - Control Undead                 Necromancy                   4
Comestibles
 r - a bread ration
 t - 3 fruits


   Skills:
 - Level 2.4 Dodging
 - Level 2.4 Stealth
 + Level 4.9 Spellcasting
 * Level 6.3 Necromancy


You couldn't memorise any spells.
You knew the following spells:

 Your Spells              Type           Power        Failure   Level  Hunger
a - Pain                  Necr           ####         1%          1    None
b - Animate Skeleton      Necr           N/A          1%          1    None
c - Animate Dead          Necr           N/A          10%         4    ####...
d - Vampiric Draining     Necr           ####......   2%          3    ##.....
e - Regeneration          Chrm/Necr      ###.......   12%         3    ##.....


Dungeon Overview and Level Annotations

Branches:
Dungeon (3/15)

Altars:
Cheibriados


Message History

The orc wizard hits you but does no damage.
You are poisoned.
You feel sick.
You feel sick.
You feel sick.
The orc wizard gestures wildly while chanting.
The orc wizard flickers and vanishes!
Deactivating autopickup; reactivate with Ctrl-A.
Casting: Pain
Confirm with . or Enter, or press ? or * to list all spells.
You can't see any susceptible monsters within range! (Use Z to cast anyway.) Unknown command.
You feel sick.
A magic dart appears from out of thin air!
The magic dart hits you!
You feel sick.
A puff of flame appears from out of thin air!
The puff of flame hits you!
* * * LOW HITPOINT WARNING * * *
You die...

#.......# #.#####.# ### #######.#
#.#############..
#.......#####..............<.
#.#######..........##########
#####.## #.............# #..
.......# #.......).....# ######.#
.......###.............###..)...#
................@..........######
....(..###.#.........(.##..#.....
.......# #.#.#.####.#####..#.####
.......###.#.#.####.#####..#.####
.................................
#######....#..........###........
#....#.#......#.# #........ #
#........######.# #........
#########......######.###........


There were no monsters in sight!

Vanquished Creatures
  An orc wizard (D:3)
  2 adders (D:3)
  A dart slug (D:2)
  5 giant geckos
  An orc (D:3)
  A giant cockroach (D:2)
  3 goblins
  9 hobgoblins
  9 jackals
  2 quokkas
  2 ball pythons
  3 bats
  3 giant newts
  3 kobolds (D:1)
  4 rats
49 creatures vanquished.

Vanquished Creatures (collateral kills)
  A dart slug (D:3)
  A jackal (D:3)
2 creatures vanquished.

Grand Total: 51 creatures vanquished

Notes
Turn   | Place    | Note
--------------------------------------------------------------
     0 | D:1      | varam the Deep Elf Necromancer began the quest for the Orb.
     0 | D:1      | Reached XP level 1. HP: 10/10 MP: 6/6
   165 | D:1      | Reached skill level 5 in Necromancy
   199 | D:1      | Reached XP level 2. HP: 10/15 MP: 4/8
  1184 | D:2      | Reached XP level 3. HP: 3/19 MP: 4/10
  1189 | D:2      | Learned a level 1 spell: Animate Skeleton
  1486 | D:2      | Learned a level 3 spell: Vampiric Draining
  2029 | D:3      | Reached XP level 4. HP: 21/24 MP: 8/12
  2105 | D:3      | Learned a level 4 spell: Animate Dead
  2299 | D:3      | Found a faded altar to an unknown god.
  2345 | D:3      | Reached skill level 6 in Necromancy
  2640 | D:3      | Found a snail-covered altar of Cheibriados.
  2815 | D:3      | Learned a level 3 spell: Regeneration
  2851 | D:3      | HP: 1/24 [something/puff of flame (9)]
  2852 | D:3      | Succumbed to an orc wizard's poison

Skill      XL: |  1  2  3  4 |
---------------+-------------+-----
Necromancy     | 5 6 |  6.3
Spellcasting   | 4 |  4.9
Dodging        | |  2.4
Stealth        | |  2.4

Action                   |  1- 3 |  4- 6 || total
-------------------------+-------+-------++-------
 Cast: Pain              |    49 |    34 ||    83
       Vampiric Draining |     1 |       ||     1
       Animate Dead      |       |     6 ||     6
  Eat: Chunk             |     1 |     1 ||     2
       Bread ration      |     1 |       ||     1
Armor: Robe              |     6 |     3 ||     9
Dodge: Dodged            |    19 |    14 ||    33
